 Dungeon Crawl Stone Soup version 0.28.0-45-g0d030f2227 (webtiles) character file.

Game seed: 9378286694950211835

410 MisterFreud the Changer (level 4, -7/40 HPs)
             Began as a Draconian Transmuter on Apr 13, 2022.
             Was a Believer of Ru.
             Killed from afar by Natasha (10 damage)
             ... with a magic dart
             ... on level 4 of the Dungeon.
             The game lasted 00:07:50 (4124 turns).

MisterFreud the Changer (Draconian Transmuter)      Turns: 4124, Time: 00:07:50

Health: -7/40      AC:  6    Str: 13    XL:     4   Next: 58%
Magic:  7/8        EV: 12    Int: 15    God:    Ru [**....]
Gold:   153        SH:  0    Dex: 11    Spells: 3/9 levels left

rFire   . . .      SeeInvis .     - Unarmed
rCold   . . .      Faith    .   (no shield)
rNeg    . . .      Spirit   .   (armour unavailable)
rPois   .          Reflect  .   (helmet restricted)
rElec   .          Harm     .   (no cloak)
rCorr   .          Rampage  .   c - +0 pair of gloves
Will    .....                   (no boots)
Stlth   +.........              (no amulet)
HPRegen 0.13/turn               (no ring)
MPRegen 0.11/turn               (no ring)

@: slowed, very slow
A: AC +5, unfitting armour, cold-blooded, inexperienced 1
a: Renounce Religion


You were on level 4 of the Dungeon.
You worshipped Ru.
Ru was pleased with you.
You visited 1 branch of the dungeon, and saw 4 of its levels.

You collected 153 gold pieces.

Inventory:

Armour
 c - a +0 pair of gloves (worn)
Jewellery
 j - a ring of ice
Scrolls
 a - a scroll of fog
 d - a scroll of amnesia
 e - a scroll of torment
 f - a scroll of immolation
 h - a scroll of brand weapon
 o - a scroll of silence {unknown}
 p - a scroll of blinking {unknown}
Potions
 b - a potion of curing {unknown}
 g - 2 potions of might
 i - a potion of attraction
 l - a potion of degeneration {unknown}
 m - a potion of haste
 n - a potion of flight {unknown}


   Skills:
 + Level 4.0 Fighting
 - Level 1.7 Dodging
 + Level 3.8 Unarmed Combat
 - Level 3.0 Spellcasting
 - Level 5.0 Transmutations


You had 3 spell levels left.
You knew the following spells:

 Your Spells              Type           Power      Damage    Failure   Level
a - Beastly Appendage     Tmut           34%        N/A       2%          1
b - Wereblood             Tmut           17%        N/A       3%          2
c - Spider Form           Tmut/Pois      9%         N/A       22%         3

Your spell library contained the following spells:

 Spells                   Type           Power      Damage    Failure   Level
 Passwall                 Tmut/Erth      7%         N/A       11%         2
 Ensorcelled Hibernation  Hex/Ice        4%         N/A       30%         2
 Swiftness                Air            2%         N/A       52%         3
 Ice Form                 Ice/Tmut       9%         N/A       56%         4
 Dispersal                Tloc           1%         N/A       100%        6
 Disjunction              Tloc           1%         N/A       100%        8


Dungeon Overview and Level Annotations

Branches:
Dungeon (4/15)
 Temple: D:4-7

Altars:
Ru
Vehumet

Shops:
D:1 [

Annotations:
D:4 Natasha


Innate Abilities, Weirdness & Mutations

Your plain brown scales are hard. (AC +5)
You cannot fit into any form of body armour.
You are cold-blooded and may be slowed by cold attacks.
You are somewhat inexperienced. (-2 XL)


Message History

Your transformation has ended.
Your +0 pair of gloves unmelds from your body.
The phantom hits you.
* * * LOW HITPOINT WARNING * * *
Okay, then.
Unknown command.
Casting: Spider Form (quite dangerous; 22% risk of failure)
Confirm with . or Enter, or press ? or * to list all spells.
The spell is quite dangerous to miscast (22% risk of failure)!
Continue anyway?
You turn into a venomous arachnid creature.
Your +0 pair of gloves melds into your body.
The phantom is stunned by your conviction and fails to attack.
You hit the phantom but do no damage.
The phantom is severely damaged.
The phantom closely misses you.
You bite the phantom!
The phantom is almost destroyed.
The phantom barely misses you.
You bite the phantom!
You destroy the phantom!
Your Fighting skill increases to level 4!
Your transformation is almost over.
An orc wizard comes into view. It is wielding a +0 flail.
The orc warrior shouts!
As you read the scroll labelled JOH DEFYGU, it crumbles to dust.
You feel strangely unstable.
It was a scroll of teleportation.
Your transformation has ended.
Your +0 pair of gloves unmelds from your body.
Your surroundings suddenly seem different.
Natasha, Servant of Life and Death comes into view.
Natasha stares at you and mumbles some strange words.
You feel yourself slow down.
Unknown command.
Natasha stares at you and mumbles some strange words.
The magic dart hits you!
* * * LOW HITPOINT WARNING * * *
Found 17 bolts and a robe.
Natasha casts a spell at you. The magic dart hits you!
You die...

#..## ##.##.......#####...#.##
#...####...##........#.....#..#
#..###......###...............#
###o#........#.........#........
.#......#........###...##.......#
........##..###.h##..............
......o...#†.###...........(#....
.....###o##................##....
....## #........@................
....# .....#...>............#...
..### #.....##.#.............#...
.. #......#.#.......#<...###.. ..
....)...#.[#.....##..#.# ..
##......#...(...#[...#... ..
.##.##........
..###..##.....##...
##..>....†..........


You could see Natasha.

Vanquished Creatures
  A phantom (D:4)
  A hound (D:4)
  An orc priest (D:3)
  Jessica (D:3)
  Natasha (twice) (D:4)
  2 orc wizards (D:3)
  A hound skeleton (D:4)
  4 adders
  A white imp (D:4)
  5 dart slugs
  7 orcs
  7 ball pythons
  6 bats
  7 endoplasms
  2 giant cockroaches
  6 goblins
  8 hobgoblins
  2 kobolds
  5 quokkas
  6 frilled lizards
  4 rats
79 creatures vanquished.

Notes
Turn   | Place    | Note
-------+----------+-------------------------------------------
     0 | D:1      | MisterFreud the Draconian Transmuter began the quest for
                  | the Orb.
     0 | D:1      | Reached XP level 1. HP: 16/16 MP: 3/3
   591 | D:1      | Reached XP level 2. HP: 23/23 MP: 3/5
   723 | D:1      | Reached skill level 3 in Transmutations
  1006 | D:1      | Found Qydaica's Armour Boutique.
  1027 | D:1      | Reached XP level 3. HP: 11/28 MP: 4/6
  1254 | D:1      | Learned a level 2 spell: Wereblood
  1258 | D:1      | Learned a level 3 spell: Spider Form
  1747 | D:2      | Reached skill level 4 in Transmutations
  1775 | D:2      | Found a sacrificial altar of Ru.
  1800 | D:2      | Became a worshipper of Ru the Awakened
  1825 | D:2      | Reached XP level 4. HP: 25/35 MP: 7/7
  2407 | D:3      | Noticed Jessica
  2416 | D:3      | Killed Jessica
  2569 | D:3      | Reached XP level 5. HP: 13/40 MP: 4/8
  2599 | D:3      | Reached skill level 5 in Transmutations
  2982 | D:3      | Gained mutation: You are somewhat inexperienced. (-2 XL)
                  | [Ru sacrifice]
  2982 | D:3      | Reached XP level 4. HP: 35/35 MP: 8/8
  2982 | D:3      | Reached XP level 3. HP: 28/28 MP: 7/7
  2982 | D:3      | Reached * piety under Ru
  2982 | D:3      | Reached ** piety under Ru
  2997 | D:3      | Found a faded altar of an unknown god.
  3438 | D:3      | Identified the +1 robe "Ihourph" {Will++ rCorr Str+2 Dex-5}
  3677 | D:4      | Noticed Natasha
  3685 | D:4      | Killed Natasha
  3807 | D:4      | Found a radiant altar of Vehumet.
  3858 | D:4      | Reached XP level 4. HP: 28/38 MP: 2/8
  3899 | D:4      | Noticed an orc warrior
  4044 | D:4      | Noticed Natasha
  4052 | D:4      | Killed Natasha
  4119 | D:4      | Noticed Natasha
  4120 | D:4      | HP: 2/40 [Natasha/magic dart (8)]
  4124 | D:4      | Killed from afar by Natasha

Illustrated notes

Levels and vault maps discovered:
D:1:      dpeg_arrival_erosion, layout_loops_corners, serial_shops,
          nicolae_shop_statue_plus
D:2:      layout_rooms, basic_altar
D:3:      layout_basic, shapermc_ecumenical_altar_pompeii, uniq_jessica
D:4:      layout_cave_pools, nicolae_vehumet_radiance,
          minmay_temple_entry_purple_smoke, uniq_natasha

Skill      XL: |  1  2  3  4  5 |
---------------+----------------+-----
Transmutations | 3 4 5 |  5.0
Spellcasting   | 3 |  3.0
Fighting       | 3 4 |  4.0
Dodging        | |  1.7
Unarmed Combat | |  3.8

Action                   |  1- 3 |  4- 6 || total
-------------------------+-------+-------++-------
Melee: Unarmed           |   132 |    91 ||   223
       Kick              |    23 |     4 ||    27
       Headbutt          |    10 |     8 ||    18
       Tailslap          |    12 |     4 ||    16
       Punch             |     2 |     2 ||     4
 Cast: Beastly Appendage |    30 |    19 ||    49
       Spider Form       |     3 |     5 ||     8
       Wereblood         |       |     1 ||     1
Invok: Sacrifice Experie |     1 |       ||     1
  Use: Scroll            |     5 |     1 ||     6
       Potion            |       |     4 ||     4
Armor: Skin              |    30 |    32 ||    62
Dodge: Dodged            |    76 |    48 ||   124
